 Dungeon Crawl Stone Soup version 0.16.1 (webtiles) character file.

759 Sixotanaka the Covert (level 7, -7/33 HPs)
             Began as a Spriggan Assassin on Mar 23, 2015.
             Was an Initiate of Dithmenos.
             Mangled by a mummy (19 damage)
             ... in an ossuary.
             The game lasted 00:10:56 (4768 turns).

Sixotanaka the Covert (Spriggan Assassin)           Turns: 4768, Time: 00:10:56

Health: -7/33      AC:  3    Str:  7    XL:     7   Next: 50%
Magic:  14/14      EV: 17    Int: 12    God:    Dithmenos [......]
Gold:   233        SH:  0    Dex: 20    Spells: 0 memorised, 6 levels left

rFire  . . .     SeeInvis +     a - +2 dagger
rCold  . . .     Clarity  .     c - +0 robe (curse)
rNeg   . . .     SustAb   .     (shield restricted)
rPois  .         Gourm    .     (helmet restricted)
rElec  .         Spirit   .     d - +0 cloak
rCorr  .         Warding  .     (gloves unavailable)
rMut   .         Stasis   .     (boots unavailable)
MR     +....                    (no amulet)
Stlth  +++++++...               (no ring)
                                (no ring)

@: very quick, somewhat resistant to hostile enchantments, extremely stealthy
A: unfitting armour, see invisible, herbivore 3, speed 3, slow metabolism 2
a: Renounce Religion


You were in an ossuary.
You worshipped Dithmenos.
Dithmenos was noncommittal.
You were full.

You visited 1 branch of the dungeon, and saw 5 of its levels.
You also visited: Ossuary.

You collected 233 gold pieces.


Innate Abilities, Weirdness & Mutations

You are tiny and cannot use many weapons and most armour.
You have supernaturally acute eyesight.
You are a herbivore.
You cover ground extremely quickly.
You need consume almost no food.


   Skills:
 - Level 1.5 Fighting
 - Level 2.1 Short Blades
 - Level 2.1 Throwing
 - Level 1.5 Dodging
 + Level 13.6 Stealth


You had 6 spell levels left.
You didn't know any spells.

Dungeon Overview and Level Annotations

Branches:
Dungeon (5/15)
 Temple: D:4-7

Altars:
Cheibriados
Dithmenos
Nemelex Xobeh
Xom
Yredelemnul

Inventory:

Hand weapons
 a - a +2 dagger (weapon)
 b - a +0 blowgun
Missiles
 e - 11 poisoned needles
 f - 2 curare-tipped needles
 t - 6 needles of confusion
Armour
 c - a cursed +0 robe (worn)
 d - a +0 cloak (worn)
Jewellery
 k - an uncursed amulet of guardian spirit {unknown}
Magical devices
 B - a wand of lightning (5)
Scrolls
 h - a scroll of fear {unknown}
 i - 4 scrolls of teleportation {@r4}
 m - 2 scrolls of enchant weapon {unknown}
 n - 2 scrolls of remove curse {unknown}
 o - a scroll of immolation {unknown}
 p - a scroll of fog {unknown}
 q - a scroll of noise {unknown}
 u - 4 scrolls of enchant armour {unknown}
 w - 3 scrolls of identify {unknown}
 x - 2 scrolls of random uselessness {unknown}
 y - 2 scrolls of magic mapping {unknown}
 E - a scroll of recharging {unknown}
Potions
 j - 5 potions of curing {unknown}
 l - 2 potions of heal wounds {unknown}
 r - 2 potions of agility {unknown}
 s - 4 potions of lignification {unknown}
 v - 2 potions of poison {unknown}
 A - 2 potions of restore abilities {unknown}
 C - 3 potions of berserk rage {unknown}
 D - a potion of ambrosia {unknown}
 F - a potion of cure mutation {unknown}
Comestibles
 g - 2 bread rations
 z - 3 fruits

#'# ###.### #####
##.....## ##...##
#.......# #.....#
##...∩...###.....##
+...∩∩∩...+ZZZ....#
##...∩...###.....##
#.......# #.....#
##...@.## ##...##
###M### ##### #'#
###.### #.....#
#Z......# #Z......#
#.......# ##.....##


You could see a mummy.


Message History

You hit the elf zombie. The elf zombie hits you.
* * * LOW HITPOINT WARNING * * *
You closely miss the elf zombie. The elf zombie hits you.
* * * LOW HITPOINT WARNING * * *
There is an open door here.
You close the door.
You start resting.
You start resting.
You open the door.
There is an open door here.
You hit the elf zombie. The elf zombie hits you.
You hit the elf zombie. You hit the elf zombie.
The elf zombie closely misses you.
You barely miss the elf zombie. The elf zombie hits you.
There is an open door here.
You hit the elf zombie. The elf zombie closely misses you.
You hit the elf zombie but do no damage.
The elf zombie closely misses you.
You hit the elf zombie. You hit the elf zombie.
The elf zombie completely misses you.
You closely miss the elf zombie. The elf zombie barely misses you.
You barely miss the elf zombie.
The elf zombie hits you but does no damage.
You closely miss the elf zombie. You closely miss the elf zombie.
The elf zombie misses you.
You hit the elf zombie. The elf zombie misses you.
You closely miss the elf zombie. You closely miss the elf zombie.
The elf zombie hits you.
You hit the elf zombie. The elf zombie hits you.
You hit the elf zombie.
The elf zombie hits you but does no damage.
You closely miss the elf zombie. You barely miss the elf zombie.
The elf zombie closely misses you.
You barely miss the elf zombie. The elf zombie barely misses you.
You hit the elf zombie. You hit the elf zombie. The elf zombie hits you.
You hit the elf zombie but do no damage.
The elf zombie hits you but does no damage.
You barely miss the elf zombie. The elf zombie hits you.
You hit the elf zombie. You barely miss the elf zombie.
The elf zombie completely misses you.
You hit the elf zombie. The elf zombie hits you.
* * * LOW HITPOINT WARNING * * *
You closely miss the elf zombie. You hit the elf zombie.
The elf zombie hits you.
* * * LOW HITPOINT WARNING * * *
You hit the elf zombie. The elf zombie hits you.
* * * LOW HITPOINT WARNING * * *
The human zombie hits you.
* * * LOW HITPOINT WARNING * * *
There is an open door here.
As you close the door, it creaks loudly!
You start resting.
You start resting.
A mummy is nearby!
You barely miss the mummy. The mummy hits you!
* * * LOW HITPOINT WARNING * * *
You hit the mummy. You completely miss the mummy. The mummy closely misses you.
You hit the mummy. You hit the mummy. The mummy closely misses you.
You hit the mummy but do no damage. You hit the mummy.
The mummy completely misses you.
You hit the mummy. You hit the mummy but do no damage.
The mummy barely misses you.
You hit the mummy. The mummy barely misses you.
You hit the mummy. You hit the mummy but do no damage. The mummy hits you!!
Ouch! That really hurt!
You die...

Action                   |  1- 3 |  4- 6 |  7- 9 || total
-------------------------+-------+-------+-------++-------
Melee: Dagger            |    93 |   126 |    88 ||   307
 Fire: Blowgun           |    24 |    34 |    11 ||    69
  Use: Scroll            |     1 |       |       ||     1
 Stab: Sleeping          |     7 |    19 |     8 ||    34
       Distracted        |     1 |     1 |       ||     2
  Eat: Bread ration      |       |       |     1 ||     1

Vault maps used:
D:1:      minmay_arrival_stair_chambers
D:2:      nemelex_deck, first_bread, uniq_jessica
D:3:      lemuel_doored_altar
D:4:      minmay_temple_entry_statues_pillars, uniq_sigmund
D:5:      grunt_dithmenos_smoke_and_mirrors, lemuel_round_altar,
          enter_ossuary_2, minmay_misc_feat_doors, cheibriados_altar_wand_db
Ossuary:  ossuary_minmay_four_chambers

Notes
Turn   | Place    | Note
--------------------------------------------------------------
     0 | D:1      | Sixotanaka, the Spriggan Assassin, began the quest for the Orb.
     0 | D:1      | Reached XP level 1. HP: 10/10 MP: 2/2
    36 | D:1      | Reached skill level 6 in Stealth
   477 | D:1      | HP: 2/10 [jackal (3)]
   514 | D:1      | Reached XP level 2. HP: 2/14 MP: 4/4
   540 | D:1      | HP: 2/14 [jackal (1)]
   572 | D:1      | HP: 1/14 [giant newt (2)]
  1214 | D:2      | Reached skill level 7 in Stealth
  1608 | D:2      | Reached XP level 3. HP: 14/18 MP: 6/6
  1829 | D:2      | Found a sparkling altar of Nemelex Xobeh.
  1831 | D:2      | Noticed Jessica
  1854 | D:2      | Killed Jessica
  1854 | D:2      | Reached skill level 8 in Stealth
  2026 | D:2      | Reached XP level 4. HP: 22/22 MP: 8/8
  2387 | D:3      | Found a basalt altar of Yredelemnul.
  2515 | D:3      | Reached skill level 9 in Stealth
  2679 | D:3      | Reached XP level 5. HP: 22/25 MP: 10/10
  3020 | D:4      | Reached skill level 10 in Stealth
  3047 | D:4      | Noticed Sigmund
  3049 | D:4      | Killed Sigmund
  3159 | D:4      | Noticed an ogre
  3179 | D:4      | Killed an ogre
  3179 | D:4      | Reached skill level 11 in Stealth
  3179 | D:4      | Reached XP level 6. HP: 30/30 MP: 12/12
  3285 | D:4      | HP: 7/30 [poisoned by an adder]
  3292 | D:4      | HP: 7/30 [poisoned by an adder]
  3703 | D:5      | Entered Level 5 of the Dungeon
  3717 | D:5      | Reached skill level 12 in Stealth
  3932 | D:5      | Reached XP level 7. HP: 9/33 MP: 14/14
  4040 | D:5      | Found a snail-covered altar of Cheibriados.
  4105 | D:5      | Found a shadowy altar of Dithmenos.
  4108 | D:5      | Became a worshipper of Dithmenos the Shadowed
  4117 | D:5      | Found a shimmering altar of Xom.
  4162 | D:5      | Found a sand-covered staircase.
  4167 | Ossuary  | Entered an ossuary
  4217 | Ossuary  | Reached skill level 13 in Stealth
  4625 | Ossuary  | HP: 7/33 [elf zombie (2)]
  4639 | Ossuary  | HP: 5/33 [human zombie (3)]
  4768 | Ossuary  | Mangled by a mummy

Vanquished Creatures
  An ogre (D:4)
  Sigmund (D:4)
  An elf zombie (Ossuary)
  A scorpion (D:5)
  A centaur zombie (Ossuary)
  2 human zombies (Ossuary)
  A hound (D:5)
  An iguana (D:4)
  A giant frog skeleton (D:5)
  A jelly (D:5)
  A worker ant (D:4)
  Jessica (D:2)
  A mummy (Ossuary)
  6 gnolls
  9 adders
  A giant mite (D:2)
  A worm (D:5)
  A giant gecko (D:2)
  2 orcs
  2 ball pythons (D:2)
  4 giant cockroaches
  8 hobgoblins
  14 jackals
  2 kobolds
  3 quokkas
  6 bats
  6 giant newts
  8 goblins
  A jackal skeleton (D:4)
  4 rats (D:1)
92 creatures vanquished.
